Map: Ruins of Endion

Players

Bunny - Winner!

  • Race: Terran Terran

MaSa

  • Race: Terran Terran

Event: DreamHack Open Tours WCS Spring Championship

VOD

Have the link to the VOD?

Description

Time

  • Played on: May 15, 2016, 8:50 a.m.
  • Length: 11:14

All games in this series

Show
View Real Time Build Order
Export as new Build Order

Bunny Terran - Winner!

Build Orders: Reaper Expand 

Get SALT Encoding   

  12  0:00  SCV  
  13  0:12  SCV  
  14  0:17  Supply Depot  
  14  0:25  SCV  
  15  0:39  SCV  
  15  0:40  Barracks  
  16  0:43  Refinery  
  16  0:51  SCV  
  17  1:03  SCV  
  18  1:15  SCV  
  19  1:27  Orbital Command, Reaper  
  20  1:45  Command Center  
  20  1:52  Refinery  
  20  1:53  SCV  
  21  1:59  Barracks Reactor  
  21  2:02  Supply Depot  
  21  2:05  SCV  
  22  2:18  SCV  
  22  2:20  Factory  
  23  2:30  SCV  
  23  2:36  Marine x2  
  26  2:43  SCV  
  27  2:49  Engineering Bay  
  27  2:55  SCV  
  27  2:58  Orbital Command  
  28  3:05  Starport, Factory Tech Lab  
  28  3:07  SCV  
  28  3:11  Marine  
  31  3:19  SCV  
  32  3:23  Missile Turret  
  32  3:25  Missile Turret  
  33  3:29  Cyclone  
  33  3:31  Marine  
  33  3:33  Marine  
  35  3:35  SCV  
  35  3:38  SCV  
  37  3:44  Viking  
  37  3:47  SCV  
  40  3:50  SCV  
  41  3:59  SCV  
  41  4:00  Supply Depot  
  41  4:02  SCV, Siege Tank  
  45  4:07  Supply Depot  
  45  4:08  Marine  
  46  4:20  SCV  
  46  4:21  SCV  
  47  4:27  Supply Depot  
  47  4:32  SCV  
  47  4:33  SCV  
  47  4:35  Siege Tank  
  51  4:43  Command Center  
  51  4:44  SCV  
  52  4:46  SCV  
  52  4:52  Viking  
  55  4:56  SCV  
  55  4:58  SCV  
  57  5:02  Marine  
  57  5:03  Marine  
  59  5:08  SCV  
  59  5:11  SCV, Siege Tank  
  63  5:20  SCV  
  62  5:23  SCV  
  62  5:25  Starport Reactor  
  63  5:31  Barracks  
  63  5:32  SCV  
  63  5:33  Refinery, Barracks  
  63  5:35  SCV  
  65  5:36  Refinery  
  65  5:42  Marine x2  
  67  5:44  Siege Tank  
  70  5:55  SCV x2  
  70  5:56  Orbital Command  
  72  5:59  Engineering Bay  
  72  6:03  Medivac  
  74  6:05  Medivac  
  74  6:07  SCV  
  74  6:08  Marine x2  
  74  6:11  SCV  
  80  6:14  Supply Depot  
  80  6:19  Barracks Tech Lab  
  80  6:20  Barracks Tech Lab  
  80  6:25  Terran Infantry Weapons Level 1  
  80  6:26  Marine x2  
  80  6:29  Orbital Command  
  80  6:31  Siege Tank  
  85  6:33  Terran Infantry Armor Level 1  
  85  6:38  Marine  
  86  6:41  SCV  
  86  6:44  Marine x2  
  89  6:47  Supply Depot  
  89  6:48  SCV  
  89  6:53  SCV  
  91  6:55  Viking  
  91  7:00  Supply Depot  
  93  7:01  Marine  
  93  7:02  SCV x2, Sensor Tower  
  93  7:03  Supply Depot  
  93  7:05  SCV  
  97  7:12  Combat Shields, Marine x2, Stimpack  
  97  7:13  Marine  
  97  7:14  SCV  
  97  7:15  SCV  
  102  7:19  SCV, Viking  
  105  7:26  SCV  
  105  7:27  SCV  
  105  7:29  Marine  
  108  7:30  Marine  
  108  7:31  Marine x2  
  107  7:43  Barracks  
  107  7:45  SCV x2, Barracks  
  107  7:46  Marine  
  107  7:48  SCV, Marine  
  112  7:53  Medivac  
  112  7:54  Medivac  
  112  7:55  Supply Depot, Marine  
  112  7:56  Marine  
  112  7:57  SCV  
  117  7:58  SCV  
  115  8:06  Marine x2  
  115  8:08  SCV  
  115  8:10  Armory  
  115  8:11  Supply Depot  
  118  8:13  Refinery x2, Supply Depot, Marine x2  
  118  8:14  Missile Turret  
  118  8:18  Supply Depot  
  118  8:19  Supply Depot  
  120  8:20  Siege Tank  
  120  8:25  Marine x2  
  125  8:28  Medivac, Sensor Tower  
  125  8:30  SCV x2  
  125  8:32  SCV  
  130  8:36  Marine, Barracks Reactor x2  
  130  8:38  Medivac  
  130  8:40  Marine  
  134  8:42  SCV, Marine  
  134  8:45  Marine  
  137  8:52  Siege Tank  
  137  8:54  Marine  
  137  8:55  Factory  
  141  8:58  Marine  
  141  9:00  Medivac, Marine  
  143  9:03  Marine  
  143  9:08  Medivac  
  146  9:12  Marine  
  146  9:16  Marine  
  148  9:18  Marine x3  
  148  9:19  Marine x2  
  148  9:21  Marine  
  154  9:30  Marine  
  145  9:34  Marine  
  145  9:35  Marine  
  145  9:36  Marine x2  
  145  9:37  Marine x2  
  150  9:38  Marine  
  150  9:39  SCV  
  150  9:41  SCV  
  150  9:48  Marine  
  150  9:50  Siege Tank  
  150  9:52  Marine  
  153  9:53  Marine x2  
  153  9:54  Marine  
  153  9:55  Marine x2  
  153  9:56  Marine  
  157  10:05  Marine  
  158  10:08  Factory Tech Lab  
  158  10:09  Marine  
  158  10:11  Marine x2  
  158  10:12  Marine x2  
  158  10:13  Marine  
  157  10:14  Marine  
  140  10:22  Siege Tank  
  140  10:23  Marine  
  140  10:27  Marine  
  144  10:29  Marine x3, Siege Tank  
  144  10:30  Marine x2  
  144  10:32  Marine  
  146  10:41  Marine  
  144  10:45  Marine  
  144  10:47  Marine x3  
  144  10:48  Marine x2  
  149  10:50  Marine  
Show
View Real Time Build Order
Export as new Build Order

MaSa Terran 

Build Orders: 1/1/1, Banshee Rush 

Get SALT Encoding   

  12  0:00  SCV  
  13  0:12  SCV  
  14  0:17  Supply Depot  
  14  0:24  SCV  
  14  0:27  Refinery  
  15  0:39  SCV  
  16  0:44  Barracks  
  16  0:51  SCV  
  17  1:03  SCV  
  18  1:15  SCV  
  18  1:16  Refinery  
  19  1:32  Marine, Orbital Command  
  20  1:34  Factory  
  20  1:43  Supply Depot  
  20  1:51  Barracks Tech Lab  
  20  1:57  SCV  
  21  2:10  SCV  
  22  2:18  Hellion  
  22  2:19  Starport  
  22  2:20  Barracks Reactor  
  22  2:22  SCV  
  25  2:35  SCV  
  26  2:38  Widow Mine  
  28  2:47  Supply Depot  
  28  2:55  Cloaking Field  
  28  2:58  SCV  
  28  3:01  Banshee  
  31  3:08  Marine x2  
  31  3:12  SCV  
  34  3:25  SCV  
  35  3:27  Command Center  
  35  3:31  Factory Tech Lab  
  37  3:37  Supply Depot  
  37  3:38  SCV  
  37  3:40  Marine x2  
  38  3:50  SCV  
  39  3:58  Banshee  
  39  4:02  SCV  
  43  4:16  Command Center  
  43  4:23  Siege Tank  
  46  4:27  SCV  
  47  4:34  Marine x2  
  46  4:42  Orbital Command  
  46  4:45  SCV  
  46  4:50  Raven  
  49  4:58  SCV  
  50  5:02  Siege Tank  
  53  5:07  Marine x2  
  53  5:08  SCV  
  53  5:10  SCV  
  57  5:17  Refinery  
  57  5:20  SCV  
  58  5:23  SCV  
  57  5:30  Command Center  
  57  5:35  Orbital Command  
  57  5:36  SCV  
  57  5:39  SCV  
  57  5:40  Siege Tank  
  62  5:44  Viking  
  62  5:48  Viking  
  66  5:50  Marine  
  66  5:52  SCV  
  66  5:55  Stimpack  
  68  5:57  SCV  
  68  6:02  Refinery, SCV  
  70  6:05  SCV  
  70  6:08  Marine  
  70  6:10  SCV  
  73  6:15  Viking  
  75  6:18  Viking  
  75  6:20  Supply Depot  
  77  6:32  Barracks  
  77  6:34  Barracks  
  77  6:41  SCV x3, Marine, Siege Tank  
  77  6:44  Orbital Command  
  84  6:49  Engineering Bay  
  84  6:50  Engineering Bay  
  84  6:53  SCV x2  
  86  6:55  SCV  
  86  6:59  Marine  
  88  7:04  Barracks  
  88  7:05  Medivac, Barracks  
  90  7:09  Medivac  
  90  7:10  SCV  
  90  7:11  SCV  
  90  7:13  SCV  
  95  7:15  Orbital Command  
  95  7:20  Supply Depot  
  95  7:22  Supply Depot, Terran Infantry Armor Level 1  
  95  7:32  SCV  
  95  7:34  Barracks Reactor x2  
  95  7:36  Siege Tank  
  99  7:40  Orbital Command  
  99  7:41  Medivac x2  
  103  7:48  Marine  
  104  7:54  Supply Depot, SCV x2, Missile Turret  
  104  7:55  Supply Depot, SCV  
  104  7:57  Missile Turret  
  105  8:06  SCV x2  
  105  8:10  Siege Tank, Barracks Reactor  
  105  8:11  Medivac, Barracks Reactor  
  112  8:13  SCV  
  112  8:14  Marine  
  112  8:15  Marine x2  
  112  8:16  SCV  
  117  8:20  Terran Infantry Weapons Level 1  
  117  8:26  Armory  
  117  8:28  Supply Depot, Marine x2  
  117  8:32  Marine  
  120  8:39  Marine x2  
  121  8:42  Siege Tank  
  121  8:45  SCV x2  
  121  8:46  Marine x2  
  121  8:48  Marine x4  
  127  8:50  Medivac  
  127  8:53  Medivac  
  135  8:56  Marine  
  135  8:57  Marine  
  135  9:00  SCV x2  
  135  9:01  Refinery  
  139  9:06  SCV, Missile Turret  
  139  9:07  Supply Depot  
  139  9:08  Supply Depot, Refinery  
  140  9:29  SCV, Marine x9, Siege Tank  
  149  9:42  Barracks  
  149  9:43  Barracks  
  149  9:45  Supply Depot  
  143  9:47  Marine x7  
  143  9:48  Marine  
  143  9:49  Marine  
  152  10:03  Siege Tank  
  152  10:04  Marine x2  
  152  10:06  Marine x6  
  152  10:07  Marine  
  163  10:14  Medivac x2  
  140  10:22  Marine x2  
  140  10:24  Marine x7  
  138  10:45  Engineering Bay  
  138  10:46  Supply Depot  
  138  10:47  Engineering Bay  
  138  10:48  Supply Depot  
  138  10:49  Armory  

Tags
 
Add a new tag
Caveats
  • Supply blocks, unpowered buildings, or Contaminate may cause inaccurate times.
  • Supply counts are checked every 10 seconds.